 Dungeon Crawl Stone Soup version 0.31.0-11-ge490571c62 (webtiles) character file.

Game seed: 6029219133385457394

1915 Minsecho the Grappler (level 9, -8/60 HPs)
             Began as an Octopode Shapeshifter on Feb 6, 2024.
             Was a Priest of Wu Jian.
             Mangled by a boulder beetle (27 damage)
             ... on level 6 of the Dungeon.
             The game lasted 00:08:24 (5821 turns).

Minsecho the Grappler (Octopode Shapeshifter)       Turns: 5821, Time: 00:08:27

Health: -8/60      AC:  1    Str: 17    XL:     9   Next: 16%
Magic:  9/9        EV: 14    Int: 12    God:    Wu Jian [***...]
Gold:   139        SH:  0    Dex: 12    Spells: 8/8 levels left

rFire   . .          .
                       - Unarmed
rCold   . . .        (no shield)
rNeg    . . .        (helmet currently unavailable)
rPois   .            (no amulet)
rElec   .            k - ring of resist corrosion
rCorr   +            (no ring)
SInv    .            (no ring)
Will    .....        (no ring)
Stlth   +++          (no ring)
HPRegen 0.30/turn    (no ring)
MPRegen 0.11/turn    (no ring)
                     (no ring)

%: no passive effects
@: beast-form
A: beast (slay +3), almost no armour, amphibious, 8 rings, camouflage 1,
gelatinous body 1, (nimble swimmer 1), tentacles
a: Begin Untransformation, Renounce Religion, Wall Jump, Serpent's Lash


You were on level 6 of the Dungeon.
You worshipped Wu Jian.
Wu Jian was most pleased with you.
You were a hulking beast.
You visited 1 branch of the dungeon, and saw 7 of its levels.

You collected 139 gold pieces.

Inventory:

Jewellery
 k - a ring of resist corrosion (left tentacle)
Talismans
 b - a beast talisman
 c - a flux talisman
 o - a maw talisman
Wands
 l - a wand of paralysis (5)
 m - a wand of mindburst (13)
 s - a wand of polymorph (10)
 u - a wand of quicksilver (9)
Scrolls
 h - 4 scrolls of teleportation {unknown}
 i - a scroll of enchant weapon
 j - a scroll of brand weapon {unknown}
 n - a scroll of noise {unknown}
 q - 2 scrolls of poison {unknown}
 t - a scroll of identify
 v - a scroll of blinking {unknown}
Potions
 a - a potion of lignification
 d - 3 potions of resistance
 e - a potion of mutation {unknown}
 f - a potion of curing
 g - 5 potions of attraction
 p - a potion of berserk rage {unknown}
 r - a potion of haste {unknown}


   Skills:
 * Level 4.9 Fighting
 + Level 3.9 Dodging
 - Level 1.0 Stealth
 + Level 8.5 Unarmed Combat
 + Level 1.8 Evocations
 * Level 5.9 Shapeshifting


You had 8 spell levels left.
You didn't know any spells.
Your spell library contained the following spells:

 Spells                   Type           Power      Damage    Failure   Level
 Freeze                   Ice            0%         1d3       32%         1
 Magic Dart               Conj           0%         1d3       32%         1
 Necrotise                Necr           0%         1d4       32%         1
 Sting                    Conj/Alch      0%         1d3       32%         1
 Searing Ray              Conj           0%         2d4       45%         2
 Frozen Ramparts          Ice            0%         1d1       69%         3
 Hailstorm                Conj/Ice       0%         3d5       69%         3
 Tukima's Dance           Hex            0%         N/A       69%         3
 Fulminant Prism          Conj/Alch      0%         3d5       97%         4
 Passage of Golubria      Tloc           0%         N/A       97%         4
 Iskenderun's Battlesphe  Conj           0%         2d6       100%        5
 Yara's Violent Unravell  Hex/Alch       0%         3d3       100%        5
 Bombard                  Conj/Erth      0%         9d1       100%        6
 Spellforged Servitor     Conj/Summ      0%         N/A       100%        7


Dungeon Overview and Level Annotations

Branches:
Dungeon (7/15)
 Temple: D:4-7

Altars:
Elyvilon
Gozag
Qazlal
Sif Muna
Trog
Wu Jian
Zin

Shops:
D:2 (

Annotations:
D:3 3 runed translucent doors, dlwiii's ghost, amateur DgDe


Innate Abilities, Weirdness & Mutations

You are a hulking beast.
Your limbs bulge with bestial killing power. (Slay +3)
You cannot wear most types of armour.
You are amphibious.
You can wear up to eight rings at the same time.
Your skin changes colour to match your surroundings (Stealth+).
Your rubbery body absorbs attacks. (AC +1, EV +1)
((You are camouflaged when in or above water. (Stealth+)))
You have tentacles for arms and can constrict up to eight enemies at once.


Message History

The boulder beetle is severely wounded.
The helpless boulder beetle fails to defend itself.
You tentacle-slap the boulder beetle but do no damage.
The boulder beetle is severely wounded.
The helpless boulder beetle fails to defend itself.
You tentacle-slap the boulder beetle but do no damage.
The boulder beetle is severely wounded.
The helpless boulder beetle fails to defend itself.
You tentacle-slap the boulder beetle.
The boulder beetle is severely wounded.
The helpless boulder beetle fails to defend itself.
You tentacle-slap the boulder beetle but do no damage.
The boulder beetle is severely wounded.
The helpless boulder beetle fails to defend itself.
You tentacle-slap the boulder beetle but do no damage.
You tentacle-slap the boulder beetle, but do no damage.
The boulder beetle is severely wounded.
The helpless boulder beetle fails to defend itself.
You tentacle-slap the boulder beetle.
You squeeze the boulder beetle, but do no damage.
The boulder beetle is severely wounded.
The helpless boulder beetle fails to defend itself.
You tentacle-slap the boulder beetle but do no damage.
The boulder beetle is severely wounded.
The boulder beetle is no longer paralysed.
The boulder beetle bites you!
Aiming: Quicksilver Bolt
Press: ? - help, Shift-Dir - straight line, f/p - boulder beetle
Aim: a boulder beetle (severely wounded, 100% to hit)
The bolt of dispelling energy hits the boulder beetle but does no damage.
The boulder beetle is severely wounded.
The boulder beetle bites you.
* * * LOW HITPOINT WARNING * * *
Aiming: Quicksilver Bolt
Press: ? - help, Shift-Dir - straight line, f/p - boulder beetle
Aim: a boulder beetle (severely wounded, 100% to hit)
The bolt of dispelling energy hits the boulder beetle!
The boulder beetle is almost dead.
The boulder beetle bites you!!
You die...

##########.....).................
##########...........#...........
#...........##########...........
#...........#....# #.............
#................# #.............
#....###.........###.............
#....................#...........
####............#........#.......
#..............h................
#..............B....#...#.......
#...................#...#.......
#...........)...#.......#.......
##...............##.#....##......
#........................##...###
#..........###...........##...#
#.......##....................#
##......##........##..........###


You could see a boulder beetle.

Vanquished Creatures
  Sigmund (D:3)
  A wyvern (D:6)
  Edmund (D:4)
  Duvessa (D:4)
  A sky beast (D:6)
  A phantom (D:6)
  A gnoll sergeant (D:5)
  3 scorpions
  A bullfrog (D:6)
  Dowan (D:4)
  2 howler monkeys
  A bombardier beetle (D:5)
  4 hounds
  3 jellies
  An orc priest (D:4)
  A sleepcap (D:5)
  Natasha (thrice) (D:4)
  Jessica (D:3)
  Ijyb (D:4)
  3 iguanas
  2 orc wizards (D:7)
  5 gnolls
  10 adders
  2 ufetubi (D:6)
  4 dart slugs
  A ribbon worm (D:4)
  7 orcs
  6 ball pythons
  7 bats
  8 endoplasms
  6 goblins
  9 hobgoblins
  7 jackals
  4 quokkas
  3 frilled lizards (D:1)
  3 kobolds
  5 rats
121 creatures vanquished.

Notes
Turn   | Place    | Note
-------+----------+-------------------------------------------
     0 | D:1      | Minsecho the Octopode Shapeshifter began the quest for the
                  | Orb.
     0 | D:1      | Reached XP level 1. HP: 13/13 MP: 1/1
    88 | D:1      | Reached XP level 2. HP: 15/18 MP: 2/2
   386 | D:1      | Found a faded altar of an unknown god.
   408 | D:1      | Got Plato's Verses on Rot
   424 | D:1      | Prayed at the altar of an unknown god.
   424 | D:1      | Became a worshipper of the Wu Jian Council
   424 | D:1      | Reached * piety under Wu Jian
   698 | D:2      | Reached XP level 3. HP: 17/23 MP: 3/3
   937 | D:2      | Found Tunikuyg's Weapon Emporium.
  1255 | D:2      | Reached ** piety under Wu Jian
  1256 | D:2      | Reached skill level 1 in Stealth
  1256 | D:2      | Reached XP level 4. HP: 28/28 MP: 4/4
  1906 | D:3      | Found a bloodstained altar of Trog.
  1912 | D:3      | Noticed Jessica
  1918 | D:3      | Killed Jessica
  1919 | D:3      | Reached skill level 4 in Unarmed Combat
  1994 | D:3      | Found a shimmering blue altar of Sif Muna.
  1998 | D:3      | Got Sif Muna's Spellbook of Chrysopoeia
  2040 | D:3      | Found a runed translucent gate.
  2052 | D:3      | Found a runed translucent gate.
  2061 | D:3      | Found a runed translucent gate.
  2061 | D:3      | Noticed dlwiii's ghost (amateur DgDe)
  2140 | D:3      | Found a glowing silver altar of Zin.
  2229 | D:3      | Noticed Sigmund
  2234 | D:3      | Killed Sigmund
  2235 | D:3      | Reached skill level 5 in Unarmed Combat
  2235 | D:3      | Reached XP level 5. HP: 35/35 MP: 5/5
  2235 | D:3      | Reached XP level 6. HP: 41/41 MP: 6/6
  2514 | D:4      | Noticed Ijyb
  2518 | D:4      | Paralysed by Ijyb for 3 turns
  2524 | D:4      | Killed Ijyb
  2652 | D:4      | Noticed Natasha
  2655 | D:4      | Killed Natasha
  2894 | D:4      | Noticed Natasha
  2901 | D:4      | Killed Natasha
  2902 | D:4      | Reached XP level 7. HP: 32/45 MP: 7/7
  2975 | D:4      | Noticed Natasha
  2982 | D:4      | Killed Natasha
  3301 | D:4      | Noticed Duvessa
  3302 | D:4      | Noticed Dowan
  3311 | D:4      | Killed Duvessa
  3312 | D:4      | Reached skill level 6 in Unarmed Combat
  3320 | D:4      | Killed Dowan
  3379 | D:4      | Found a white marble altar of Elyvilon.
  3689 | D:4      | Noticed Edmund
  3700 | D:4      | Killed Edmund
  3701 | D:4      | Reached skill level 5 in Shapeshifting
  3701 | D:4      | Reached XP level 8. HP: 53/53 MP: 8/8
  3877 | D:5      | Entered Level 5 of the Dungeon
  3902 | D:5      | Reached *** piety under Wu Jian
  3990 | D:5      | Reached skill level 7 in Unarmed Combat
  4065 | D:5      | Reached skill level 1 in Evocations
  4231 | D:5      | Found a stormy altar of Qazlal.
  5024 | D:6      | Noticed a wyvern
  5031 | D:6      | Killed a wyvern
  5132 | D:6      | Reached skill level 8 in Unarmed Combat
  5230 | D:6      | Reached XP level 9. HP: 49/59 MP: 9/9
  5519 | D:6      | Found an opulent altar of Gozag.
  5787 | D:7      | Noticed a boulder beetle
  5821 | D:6      | Mangled by a boulder beetle

Illustrated notes

Levels and vault maps discovered:
D:1:      roderic_octagonal_star, layout_loops_ring,
          shapermc_ecumenical_altar_rom_forum
D:2:      layout_basic, serial_shops, shop, nicolae_hexahallways
D:3:      layout_basic, nzn_overflow_gifts_of_might_and_magic,
          lemuel_tele_altar, gammafunk_ghost_split, uniq_sigmund
D:4:      layout_basic, elyvilon_altar_1, uniq_ijyb, uniq_duvessa, uniq_natasha,
          uniq_edmund
D:5:      layout_layer_cave, mainiacjoe_overflow_surrounded_room
D:6:      layout_basic, grunt_gozag_statues, corexii_leaking_fountain
D:7:      layout_basic, mainiacjoe_overflow_concentric_impassable,
          minmay_temple_entry_wispy, uniq_menkaure, uniq_maurice

Skill      XL: |  1  2  3  4  5  6  7  8 |
---------------+-------------------------+-----
Stealth        | 1 |  1.0
Unarmed Combat | 5 6 8 |  8.5
Fighting       | 2 3 4 |  4.9
Shapeshifting  | 4 5 |  5.9
Dodging        | 3 |  3.9
Evocations     | 1 |  1.8

Action                     |  1- 3 |  4- 6 |  7- 9 || total
---------------------------+-------+-------+-------++-------
  Melee: Unarmed           |    69 |    72 |   140 ||   281
         Constrict         |    23 |    20 |    29 ||    72
         Tentacles         |    12 |    11 |    40 ||    63
         Punch             |     2 |     1 |     6 ||     9
Ability: Lunge             |     9 |    11 |    11 ||    31
  Evoke: Wand              |       |       |    13 ||    13
    Use: Scroll            |       |     4 |     1 ||     5
         Potion            |       |       |     1 ||     1
   Stab: Sleeping          |     8 |     8 |    11 ||    27
         Paralysed         |       |       |    31 ||    31
         Distracted        |       |       |     1 ||     1
 Armour: Skin              |    15 |    22 |    48 ||    85
  Dodge: Dodged            |    32 |    25 |    46 ||   103
